 Dungeon Crawl Stone Soup version 0.27.1-34-g3ba077fa99 (webtiles) character file.

Game seed: 16137201285928326394

557 cbfl8 the Skirmisher (level 7, 0/61 HPs)
             Began as a Minotaur Delver on Jan 23, 2022.
             Succumbed to a scorpion's poison
             ... on level 4 of the Dungeon.
             The game lasted 00:09:17 (3716 turns).

cbfl8 the Skirmisher (Minotaur Delver)              Turns: 3716, Time: 00:09:18

Health: 0/61       AC:  8    Str: 17    XL:     7   Next: 9%
Magic:  6/6        EV: 14    Int:  9    God:
Gold:   124        SH:  0    Dex: 11    Spells: 6/6 levels left

rFire    + + +     SeeInvis .   t - +3 dagger
rCold    + . .     Faith    .   (no shield)
rNeg     . . .     Spirit   .   u - +0 scale mail {rF+}
rPois    +         Reflect  .   (helmet restricted)
rElec    +         Harm     .   D - +0 cloak
rCorr    +         Rampage  .   (no gloves)
Will     .....                  (no boots)
Stlth    +.........             (no amulet)
HPRegen  0.20/turn              i - +4 ring of evasion
MPRegen  0.10/turn              x - ring of protection from fire

@: lethally poisoned (0 -> -2), resistant, flying
A: horns 2, retaliatory headbutt
a: no special abilities


You were on level 4 of the Dungeon.
You visited 1 branch of the dungeon, and saw 5 of its levels.

You collected 124 gold pieces.

Inventory:

Hand Weapons
 a - a +0 hand axe
 o - a +0 whip of electrocution
 q - a +0 hunting sling
 t - a +3 dagger (weapon)
Missiles
 w - 32 stones (quivered)
 A - a throwing net
Armour
 b - a +0 leather armour
 k - a +0 ring mail
 u - a +0 scale mail of fire resistance (worn)
 y - a +0 robe of willpower
 D - a +0 cloak (worn)
Jewellery
 i - a +4 ring of evasion (left hand)
 x - a ring of protection from fire (right hand)
 C - a ring of magical power
Wands
 g - a wand of digging (3)
Scrolls
 c - a scroll of fog
 d - a scroll of magic mapping
 e - a scroll of fear
 h - a scroll of silence {unknown}
 j - 3 scrolls of noise {unknown}
 l - 2 scrolls of teleportation {unknown}
 m - 4 scrolls of identify {unknown}
 n - a scroll of amnesia {unknown}
 s - 2 scrolls of enchant weapon {unknown}
 E - a scroll of acquirement {unknown}
Potions
 f - a potion of haste
 p - a potion of mutation {unknown}
 B - a potion of brilliance {unknown}


   Skills:
 + Level 5.4 Fighting
 + Level 4.0 Short Blades
 + Level 3.9 Axes
 + Level 3.2 Armour
 + Level 3.7 Dodging
 + Level 4.7 Stealth


You had 6 spell levels left.
You didn't know any spells.
Your spell library contained the following spells:

 Spells                   Type           Power      Damage    Failure   Level
 Ensorcelled Hibernation  Hex/Ice        0%         N/A       90%         2
 Spider Form              Tmut/Pois      0%         N/A       99%         3
 Shadow Creatures         Summ           N/A        N/A       100%        6


Dungeon Overview and Level Annotations

Branches:
Dungeon (5/15)
 Temple: D:4-7

Altars:
Ashenzari
Kikubaaqudgha
Vehumet
The Shining One

Shops:
D:2 (


Innate Abilities, Weirdness & Mutations

You have a pair of horns on your head.
You reflexively headbutt those who attack you in melee.


Message History

The scorpion stings you but does no damage.
Unknown command.
You completely miss the scorpion.
The scorpion is almost dead.
You feel very sick. The scorpion stings you.
* * * LOW HITPOINT WARNING * * *
The scorpion stings you.
* * * LOW HITPOINT WARNING * * *
Unknown command.
You closely miss the scorpion.
The scorpion is almost dead.
* * * LOW HITPOINT WARNING * * *
You feel sick. The scorpion stings you.
* * * LOW HITPOINT WARNING * * *
You hit the scorpion but do no damage.
The scorpion is almost dead.
* * * LOW HITPOINT WARNING * * *
You feel sick. The scorpion barely misses you. The scorpion misses you.
You furiously retaliate!
You headbutt the scorpion.
You kill the scorpion!
Your Short Blades skill increases to level 4!
You have reached level 7!
There is a lethal amount of poison in your body!
There is a lethal amount of poison in your body!
There is a lethal amount of poison in your body!
There is a lethal amount of poison in your body!
There is a lethal amount of poison in your body!
It was a potion of flight.
You feel very buoyant.
You fly up into the air.
* * * LOW HITPOINT WARNING * * *
You feel sick.
It was a potion of resistance.
You feel protected.
* * * LOW HITPOINT WARNING * * *
You feel sick.
It was a potion of magic.
Magic courses through your body.
You feel yourself speed up.
You die...

.......$.# .........#
.........##
....>............
......(..##.....
.........##....#
.........##....#
#(.?@..+....+ #####.##....#
################.##....####
#..................†.......
#...........###########....
#...........# .
#...........# #...........#
#######....##


There were no monsters in sight!

Vanquished Creatures
  Sigmund (D:3)
  A phantom (D:4)
  A scorpion (D:4)
  A hound (D:4)
  Natasha (D:4)
  3 iguanas
  3 adders (D:2)
  2 adder zombies (D:2)
  3 adder skeletons (D:2)
  2 worms
  A dart slug (D:1)
  5 orcs
  5 bats
  7 endoplasms
  3 giant cockroaches
  6 hobgoblins
  7 jackals
  A quokka (D:1)
  2 ball pythons
  3 frilled lizards (D:1)
  6 goblins
  A jackal zombie (D:2)
  8 kobolds
  A quokka skeleton (D:2)
  9 rats
83 creatures vanquished.

Vanquished Creatures (others)
  2 plants (D:2)
2 creatures vanquished.

Grand Total: 85 creatures vanquished

Notes
Turn   | Place    | Note
-------+----------+-------------------------------------------
     0 | D:5      | cbfl8 the Minotaur Delver began the quest for the Orb.
     0 | D:5      | Reached XP level 1. HP: 19/19 MP: 0/0
    38 | D:5      | Noticed an ogre
   193 | D:3      | Noticed Sigmund
   198 | D:2      | Found Fyfaront's Antique Weapon Shop.
   207 | D:2      | Reached XP level 2. HP: 16/27 MP: 1/1
   667 | D:1      | Reached XP level 3. HP: 33/33 MP: 2/2
   757 | D:1      | Reached skill level 4 in Fighting
  1503 | D:2      | Reached XP level 4. HP: 40/40 MP: 3/3
  1667 | D:2      | Reached skill level 1 in Armour
  1805 | D:2      | Reached skill level 1 in Short Blades
  1970 | D:3      | Killed Sigmund
  1971 | D:3      | Reached XP level 5. HP: 17/47 MP: 4/4
  2251 | D:3      | Reached XP level 6. HP: 53/53 MP: 5/5
  2327 | D:3      | Found a radiant altar of Vehumet.
  2327 | D:3      | Found a faded altar of an unknown god.
  2335 | D:3      | Found a glowing golden altar of the Shining One.
  2338 | D:3      | Found an ancient bone altar of Kikubaaqudgha.
  2340 | D:3      | Found a broken altar of Ashenzari.
  3192 | D:4      | Reached skill level 5 in Fighting
  3681 | D:4      | Noticed Natasha
  3694 | D:4      | Killed Natasha
  3714 | D:4      | Reached XP level 7. HP: 4/61 MP: 6/6
  3714 | D:4      | HP: 2/61 [poisoned by a scorpion]
  3716 | D:4      | Succumbed to a scorpion's poison

Illustrated notes

Levels and vault maps discovered:
D:1:      evilmike_arrival_fibonacci_small, layout_rooms, st_stairs_2,
          serial_bayou_pond_c, minmay_vboxes
D:2:      layout_basic, serial_shops, nicolae_shop_overgrown_old_shop,
          serial_undead, serial_undead_c, serial_undead_a, serial_undead_e,
          serial_undead_b, serial_undead_e, serial_undead_d, serial_undead_e
D:3:      layout_loops_ring, chequers_temple_overflow_minitemple, uniq_sigmund
D:4:      layout_basic, nrook_loot_triangle, uniq_natasha
D:5:      layout_cave_pools, temple_hall

Skill      XL: |  1  2  3  4  5  6 |
---------------+-------------------+-----
Fighting       | 4 5 |  5.4
Axes           | 3 |  3.9
Armour         | 2 3 |  3.2
Short Blades   | 2 4 |  4.0
Dodging        | 3 |  3.7
Stealth        | |  4.7

Action                   |  1- 3 |  4- 6 |  7- 9 || total
-------------------------+-------+-------+-------++-------
Melee: Hand axe          |    55 |       |       ||    55
       Headbutt          |    17 |    25 |       ||    42
       Dagger            |    38 |   140 |       ||   178
  Use: Potion            |     3 |     1 |     3 ||     7
 Stab: Sleeping          |     1 |       |       ||     1
Armor: Ring mail         |    19 |       |       ||    19
       Leather armour    |     1 |       |       ||     1
       Scale mail        |    15 |    43 |       ||    58
       Skin              |     2 |       |       ||     2
Dodge: Dodged            |   108 |   127 |       ||   235
